 Dungeon Crawl Stone Soup version 0.24.0-13-gcf9b3192b9 (webtiles) character file.

Game seed: 14346645654127469070, levelgen mode: deterministic

5777 test0r the Cleaver (level 10, -9/77 HPs)
             Began as a Minotaur Fighter on Nov 5, 2019.
             Was an Elder of Okawaru.
             Mangled by a two-headed ogre
             ... wielding a +0 giant club
              (19 damage)
             ... on level 9 of the Dungeon.
             The game lasted 00:41:12 (9513 turns).

test0r the Cleaver (Minotaur Fighter)               Turns: 9513, Time: 00:41:13

Health: -9/77      AC: 12    Str: 24      XL:     10   Next: 50%
Magic:  12/13      EV: 13    Int:  5      God:    Okawaru [****..]
Gold:   439        SH: 13    Dex:  9 (10) Spells: 9/9 levels left

rFire    . . .     SeeInvis .   a - +1 war axe
rCold    . . .     Gourm    +   c - +0 shield
rNeg     + . .     Faith    .   q - +2 ring mail {rN+}
rPois    .         Spirit   .   (helmet restricted)
rElec    .         Reflect  .   n - +1 cloak {MR+}
rCorr    .         Harm     .   (no gloves)
MR       +....                  (no boots)
Stlth    ++........             r - amulet of the gourmand
HPRegen  0.22/turn              (no ring)
MPRegen  0.13/turn              (no ring)

@: heroism
A: retaliatory headbutt, horns 2
a: Heroism, Renounce Religion


You were on level 9 of the Dungeon.
You worshipped Okawaru.
Okawaru was greatly pleased with you.
You were completely stuffed.

You visited 2 branches of the dungeon, and saw 10 of its levels.

You collected 439 gold pieces.

Inventory:

Hand Weapons
 a - a +1 war axe (weapon)
Missiles
 f - 277 stones (quivered)
Armour
 c - a +0 shield (worn)
 n - a +1 cloak of magic resistance (worn)
   (You took it off Crazy Yiuf on level 3 of the Dungeon)
 q - a +2 ring mail of positive energy (worn)
   (You took it off an orc on level 6 of the Dungeon)
Jewellery
 r - an amulet of the gourmand (around neck)
   (You found it on level 4 of the Dungeon)
Wands
 d - a wand of iceblast (6)
   (You found it on level 8 of the Dungeon)
 t - a wand of flame (24)
   (You found it on level 6 of the Dungeon)
 u - a wand of paralysis (15)
   (You found it on level 4 of the Dungeon)
 v - a wand of digging (13)
   (You found it on level 8 of the Dungeon)
 x - a wand of acid (6)
   (You found it on level 8 of the Dungeon)
Scrolls
 g - 2 scrolls of identify {@r1}
 i - 2 scrolls of teleportation {@r4}
 k - 3 scrolls of remove curse {@r2}
 o - a scroll of fog {unknown}
 y - a scroll of blinking
 z - a scroll of silence {unknown}
 B - a scroll of fear {unknown}
Potions
 b - a potion of flight {unknown}
 h - a potion of lignification {!q}
 j - a potion of berserk rage {unknown}
 l - a potion of mutation {unknown}
 m - 2 potions of invisibility
 p - 2 potions of cancellation
 s - a potion of haste {unknown}
 w - a potion of magic {unknown}
 C - 5 potions of brilliance {unknown}
Comestibles
 e - 15 rations {!d}


   Skills:
 - Level 3.6(8.6) Fighting
 * Level 12.3(17.3) Axes
 + Level 9.5(14.5) Armour
 + Level 9.5(14.5) Shields
 * Level 5.8 Invocations


You had 9 spell levels left.
You didn't know any spells.
Your spell library was empty.

Dungeon Overview and Level Annotations

Branches:
Dungeon (9/15)             Temple (1/1) D:4
   Lair: D:8-11         Orc: D:9-12

Altars:
Ashenzari
Cheibriados
Dithmenos
Elyvilon
Fedhas
Gozag
Hepliaklqana
Kikubaaqudgha
Makhleb
Nemelex Xobeh
Okawaru
Qazlal
Ru
Sif Muna
Trog
Uskayaw
Vehumet
Wu Jian
Xom
Yredelemnul
Zin
The Shining One

Annotations:
D:7 3 runed translucent doors, exclusion: 3 doors, Acheron's ghost, novice VSAs
D:9 Erica


Innate Abilities, Weirdness & Mutations

You reflexively headbutt those who attack you in melee.
You have a pair of horns on your head.


Message History

You see here a crooked runed staff.
There is an open door here.
Eating a chunk of flesh.
You eat the chunk of flesh.
This raw flesh tastes great.
There is an open door here.
Found 11 gold pieces.
You now have 422 gold pieces (gained 11).
You now have 439 gold pieces (gained 17).
Things that are here:
a +0 dagger; a +0 robe
Found 26 stones.
f - 277 stones (gained 26)
There is an open door here.
You enter the shallow water.
Moving in this stuff is going to be slow.
An orc comes into view. It is wielding a +0 hand axe.
The orc shouts!
Found a rapier.
A two-headed ogre comes into view. It is wielding two +0 giant clubs.
The two-headed ogre shouts in stereo!
The orc barely misses you. You furiously retaliate!
You headbutt the orc!
You kill the orc!
Okawaru accepts your kill.
Found a dagger.
Okay, then.
You gain the combat prowess of a mighty hero.
Unknown command.
You hit the two-headed ogre.
The two-headed ogre hits you with a +0 giant club.
You block the two-headed ogre's attack.
You slash the two-headed ogre! You slash the two-headed ogre!
The two-headed ogre hits you with a +0 giant club!!
The two-headed ogre hits you with a +0 giant club.
You completely miss the two-headed ogre.
You headbutt the two-headed ogre! You hit the two-headed ogre.
The two-headed ogre hits you with a +0 giant club!!
* * * LOW HITPOINT WARNING * * *
You block the two-headed ogre's attack.
You slash the two-headed ogre! You hit the two-headed ogre.
Your headbutt misses the two-headed ogre.
The two-headed ogre hits you with a +0 giant club!
* * * LOW HITPOINT WARNING * * *
The two-headed ogre hits you with a +0 giant club.
* * * LOW HITPOINT WARNING * * *
You barely miss the two-headed ogre. The two-headed ogre barely misses you.
The two-headed ogre hits you with a +0 giant club!!
You die...

.# .# #.## #.# ...#. #.#
#####..#. ##### #.###.
....... .....#### #.#≈≈
≈≈≈≈≈≈ ........#
#.≈#######..###
........####.≈#.....'..#..
........O@...≈#.....#..#..
........####.≈#.##..#..#..
......).# #.≈#|.#..#..#..
........# #.≈####..#..'..
)..)....# #.≈......####..
#####...# #.≈......#≈≈≈..
##### #.≈......#≈8≈..
#.≈#'#####≈≈≈..
#.≈#...........


You could see a two-headed ogre.

Vanquished Creatures
  Pikel (D:7)
  A troll (D:9)
  Grinder (D:5)
  The ghost of tonywhite87 the Covert, an amateur OpAs (D:3)
  A hippogriff (D:8)
  2 yaks (D:9)
  Eustachio (D:6)
  A steam dragon (D:7)
  A soldier ant (D:9)
  Duvessa (D:7)
  2 orc warriors
  2 ice beasts
  2 sky beasts
  2 eyes of draining (D:8)
  3 slaves (D:7)
  A black bear (D:9)
  2 phantoms
  5 centaurs
  6 ogres
  Dowan (D:7)
  3 scorpions
  2 killer bees (D:9)
  2 howler monkeys (D:6)
  2 centaur zombies
  3 crimson imps
  3 quasits
  3 hounds
  9 orc priests
  Crazy Yiuf (D:3)
  A jelly (D:5)
  6 orc wizards
  Natasha (thrice) (D:3)
  4 bullfrog skeletons
  3 iguanas
  2 worker ants
  2 hound zombies
  A hound skeleton (D:5)
  A howler monkey zombie (D:6)
  A worker ant zombie (D:3)
  4 gnolls (D:8)
  15 adders
  A howler monkey skeleton (D:4)
  3 shadow imps
  4 oozes
  3 adder zombies
  3 worms
  2 dart slugs (D:1)
  5 leopard geckos
  17 orcs
  10 giant cockroaches
  12 goblins
  4 hobgoblins
  3 jackals (D:3)
  3 quokkas
  7 bats
  4 frilled lizards
  A jackal zombie (D:8)
  10 kobolds
  A leopard gecko skeleton (D:7)
  A quokka zombie (D:5)
  9 rats
  A spectral orc (D:7)
212 creatures vanquished.

Vanquished Creatures (others)
  A human (D:3)
1 creature vanquished.

Grand Total: 213 creatures vanquished

Notes
Turn   | Place    | Note
-------+----------+-------------------------------------------
     0 | D:1      | test0r the Minotaur Fighter began the quest for the Orb.
     0 | D:1      | Reached XP level 1. HP: 19/19 MP: 0/0
   113 | D:1      | Reached skill level 3 in Axes
   113 | D:1      | Reached XP level 2. HP: 26/26 MP: 1/1
   274 | D:1      | Reached XP level 3. HP: 31/31 MP: 2/2
   597 | D:2      | Reached skill level 4 in Axes
   801 | D:2      | Reached XP level 4. HP: 39/39 MP: 3/3
  1161 | D:2      | Found an ancient bone altar of Kikubaaqudgha.
  1161 | D:2      | Found a hazy altar of Hepliaklqana.
  1161 | D:2      | Found a glowing silver altar of Zin.
  1378 | D:3      | Noticed Natasha
  1393 | D:3      | Killed Natasha
  1559 | D:3      | Found a sacrificial altar of Ru.
  1604 | D:3      | Reached XP level 5. HP: 41/45 MP: 4/4
  1674 | D:3      | Found an ancient bone altar of Kikubaaqudgha.
  1674 | D:3      | Noticed a human
  1677 | D:3      | Killed a human
  1748 | D:3      | Reached skill level 5 in Axes
  1849 | D:3      | Found an ornate altar of the Wu Jian Council.
  2049 | D:3      | Noticed Natasha
  2058 | D:3      | Killed Natasha
  2058 | D:3      | Reached skill level 5 in Armour
  2058 | D:3      | Reached skill level 5 in Shields
  2231 | D:3      | Found a white marble altar of Elyvilon.
  2324 | D:3      | Found a runed translucent gate.
  2324 | D:3      | Found a runed translucent gate.
  2324 | D:3      | Found a runed translucent gate.
  2325 | D:3      | Noticed tonywhite87's ghost (amateur OpAs)
  2414 | D:3      | Noticed Natasha
  2449 | D:3      | Killed Natasha
  2449 | D:3      | Reached XP level 6. HP: 51/51 MP: 5/5
  2570 | D:3      | Found a sparkling altar of Nemelex Xobeh.
  2625 | D:3      | Found a runed translucent door.
  2626 | D:3      | Noticed Crazy Yiuf
  2897 | D:3      | Killed Crazy Yiuf
  3099 | D:4      | Reached skill level 6 in Axes
  3163 | D:4      | Found a stormy altar of Qazlal.
  3271 | D:4      | Found a staircase to the Ecumenical Temple.
  3465 | D:4      | Reached XP level 7. HP: 39/57 MP: 6/6
  3909 | Temple   | Entered the Ecumenical Temple
  4096 | Temple   | Became a worshipper of Warmaster Okawaru
  4146 | D:5      | Entered Level 5 of the Dungeon
  4146 | D:5      | Found a blossoming altar of Fedhas.
  4188 | D:5      | Reached skill level 7 in Axes
  4255 | D:5      | Noticed Grinder
  4261 | D:5      | Killed Grinder
  4365 | D:5      | Got a distressingly furry leather armour
  4376 | D:5      | Identified the cursed +0 leather armour "Zarph" {rC- Str+5}
                  | (You found it on level 5 of the Dungeon)
  4492 | D:5      | Reached skill level 8 in Axes
  4504 | D:5      | Reached * piety under Okawaru
  4604 | D:5      | Reached XP level 8. HP: 54/64 MP: 7/7
  5208 | D:6      | Reached skill level 9 in Axes
  5483 | D:6      | Noticed Eustachio
  5498 | D:6      | Killed Eustachio
  5498 | D:6      | Reached ** piety under Okawaru
  5826 | D:6      | Reached skill level 10 in Axes
  5898 | D:6      | Found a glowing golden altar of the Shining One.
  5965 | D:6      | Reached XP level 9. HP: 70/70 MP: 8/8
  6217 | D:7      | Noticed Pikel
  6220 | D:7      | Found a runed translucent gate.
  6220 | D:7      | Found a runed translucent gate.
  6220 | D:7      | Found a runed translucent gate.
  6232 | D:7      | Killed Pikel
  6232 | D:7      | Reached *** piety under Okawaru
  6248 | D:7      | Noticed Acheron's ghost (novice VSAs)
  6299 | D:7      | Found a basalt altar of Yredelemnul.
  6724 | D:7      | Noticed Duvessa
  6724 | D:7      | Noticed Dowan
  6746 | D:7      | Killed Duvessa
  6746 | D:7      | Reached skill level 11 in Axes
  6753 | D:7      | Killed Dowan
  7035 | D:3      | Killed tonywhite87's ghost
  7035 | D:3      | Received a gift from Okawaru
  8031 | D:8      | Found a hide-covered altar of Uskayaw.
  8350 | D:8      | Found a bloodstained altar of Trog.
  8360 | D:8      | Reached XP level 10. HP: 68/77 MP: 0/12
  8515 | D:8      | Reached **** piety under Okawaru
  8722 | D:9      | Found an ornate altar of the Wu Jian Council.
  8791 | D:9      | Reached skill level 5 in Invocations
  8792 | D:9      | Reached skill level 12 in Axes
  9150 | D:9      | Noticed Erica
  9499 | D:9      | Noticed a two-headed ogre
  9513 | D:9      | Mangled by a two-headed ogre

Levels and vault maps discovered:
D:1:      erik_arrival_gehennom, layout_rooms
D:2:      layout_basic, chequers_temple_overflow_statue_of_worship
D:3:      layout_loops_corners, overflow_temple_1_default, elyvilon_altar_5,
          nemelex_xobeh_ov_fountains_minmay, nicolae_ru_sacrificial_ziggurat,
          first_ration, gammafunk_ghost_necromancy, tgw_kikubaaqudgha,
          uniq_crazy_yiuf_cottage, uniq_natasha
D:4:      layout_loops_ring, marbit_many_paths, minmay_temple_entry_waves,
          dk_noncrumbling_2
D:5:      layout_rooms, fedhas_altar_1, uniq_grinder
D:6:      layout_basic, tso_altar, hex_intersection, uniq_eustachio
D:7:      layout_basic, yredelemnul_forgotten_temple_becter,
          ebering_ghost_rock_garden, uniq_pikel, uniq_duvessa
D:8:      layout_layer_cave, eat_drink_and_be_merry_uskayaw,
          trog_eyes_of_draining
D:9:      cheibrodos_ideogram_h, layout_basic, basic_altar, grunt_livestock,
          uniq_erica
Temple:   grunt_temple_mini_profane

Skill      XL: |  1  2  3  4  5  6  7  8  9 10 |
---------------+-------------------------------+-----
Axes           | 3 4 5 6 8 10 11 12 | 12.3
Shields        | 4 5 6 7 8 9 |  9.5
Armour         | 4 5 6 7 9 |  9.5
Invocations    | 4 5 |  5.8
Fighting       | |  3.6

Action                   |  1- 3 |  4- 6 |  7- 9 | 10-12 || total
-------------------------+-------+-------+-------+-------++-------
Melee: War axe           |    81 |   222 |   317 |    94 ||   714
       Headbutt          |    11 |    27 |    50 |    21 ||   109
Throw: Stone             |     3 |       |       |       ||     3
Invok: Heroism           |       |       |     6 |     2 ||     8
  Use: Scroll            |       |     6 |     7 |       ||    13
       Potion            |       |       |     2 |       ||     2
  Eat: Chunk             |       |    23 |    20 |     4 ||    47
Armor: Scale mail        |    34 |   105 |    29 |       ||   168
       Leather armour    |       |       |     8 |       ||     8
       Skin              |       |       |     1 |       ||     1
       Ring mail         |       |       |    41 |    32 ||    73
Dodge: Dodged            |    30 |    71 |    66 |    39 ||   206
Block: Shield            |    46 |   130 |   136 |    71 ||   383
